3381 views
Uploaded 2019-12-14 01:57:18
Game version 1.32.0.4
64:20 long 2on2 ladder game on (4)FurbolgMountain
Saved by BEARAND
3381 views
Uploaded 2019-12-14 01:57:18
Game version 1.32.0.4
64:20 long 2on2 ladder game on (4)FurbolgMountain


94 units @ 13.7k
/ 1.7k
37 buildings @ 6k
/ 2.5k


| Healing Salve | 3 | 300 |
| Scroll of Speed | 1 | 50 |
| Lesser Clarity Potion | 2 | 140 |
| Scroll of Town Portal | 1 | 350 |
| total: | 7 | 840g |
| Peon | 8 | 600 | / | 0 |
| Grunt | 4 | 800 | / | 0 |
| Troll Headhunter | 4 | 560 | / | 80 |
| Kodo Beast | 1 | 255 | / | 60 |
| Raider | 4 | 720 | / | 160 |
| Demolisher | 3 | 660 | / | 150 |
| Tauren | 1 | 280 | / | 80 |
| total: | 25 | 3875g | / | 530w |
| Watch Tower | 1 | 110 | / | 80 |
| Altar of Storms | 1 | 180 | / | 50 |
| Orc Burrow | 8 | 1280 | / | 320 |
| Barracks | 1 | 180 | / | 50 |
| Voodoo Lounge | 1 | 130 | / | 30 |
| War Mill | 1 | 205 | / | 0 |
| Beastiary | 1 | 145 | / | 140 |
| Tauren Totem | 1 | 135 | / | 155 |
| Stronghold | 1 | 315 | / | 190 |
| Fortress | 1 | 325 | / | 190 |
| total: | 15 | 2365g | / | 825w |
| 0:04 | Peon |
| 0:10 | Altar of Storms |
| 0:18 | Peon |
| 0:20 | Orc Burrow |
| 0:32 | Peon |
| 0:37 | Barracks |
| 0:48 | Peon |
| 1:00 | Peon |
| 1:20 | Orc Burrow |
| 1:38 | Grunt |
| 1:43 | Peon |
| 2:02 | Voodoo Lounge |
| 2:11 | Endurance Aura |
| 2:16 | Grunt |
| 2:38 | War Mill |
| 2:57 | Grunt |
| 3:17 | Orc Burrow |
| 3:23 | Orc Burrow |
| 3:40 | Healing Salve |
| 3:41 | Scroll of Speed |
| 4:07 | Stronghold |
| 4:21 | Watch Tower |
| 4:32 | Troll Headhunter |
| 4:52 | Troll Headhunter |
| 5:10 | Troll Headhunter |
| 5:17 | War Stomp |
| 5:24 | Troll Headhunter |
| 5:26 | Steel Ranged Weapons |
| 5:48 | Orc Burrow |
| 6:32 | Peon |
| 6:41 | Beastiary |
| 7:18 | Endurance Aura |
| 7:33 | Healing Wave |
| 7:38 | Berserker Strength |
| 7:39 | Grunt |
| 7:45 | Kodo Beast |
| 7:53 | Healing Salve |
| 8:17 | Raider |
| 8:55 | Orc Burrow |
| 8:57 | Reinforced Defenses |
| 9:23 | Fortress |
| 9:43 | War Stomp |
| 9:51 | Raider |
| 9:52 | Ensnare |
| 10:24 | Raider |
| 10:34 | Steel Melee Weapons |
| 11:18 | Serpent Ward |
| 11:22 | Healing Salve |
| 11:34 | Lesser Clarity Potion |
| 11:43 | Lesser Clarity Potion |
| 11:47 | Berserker Upgrade |
| 11:48 | Raider |
| 12:00 | Orc Burrow |
| 12:29 | Tauren Totem |
| 12:33 | Demolisher |
| 12:36 | Orc Burrow |
| 12:52 | Peon |
| 13:09 | Demolisher |
| 13:43 | War Drums Damage Increase |
| 14:15 | Scroll of Town Portal |
| 14:29 | Demolisher |
| 15:34 | Tauren |
| Right click | 602 |
| Select | 339 |
| Select group | 310 |
| Build/train/purchase | 58 |
| Misc. action | 42 |
| Assign group | 29 |
| Use ability | 21 |
| Resource trade | 9 |



| Lesser Clarity Potion | 1 | 70 |
| Moonstone | 1 | 50 |
| total: | 2 | 120g |
| Wisp | 25 | 1500 | / | 0 |
| Archer | 13 | 1690 | / | 130 |
| Hippogryph | 7 | 1120 | / | 140 |
| Glaive Thrower | 5 | 1050 | / | 325 |
| Chimaera | 3 | 990 | / | 210 |
| Mountain Giant | 2 | 700 | / | 200 |
| Grunt | 8 | 1600 | / | 0 |
| Raider | 1 | 180 | / | 40 |
| Wind Rider | 2 | 530 | / | 80 |
| Troll Berserker | 3 | 420 | / | 60 |
| total: | 69 | 9780g | / | 1185w |
| Ancient Protector | 6 | 810 | / | 480 |
| Ancient of War | 1 | 150 | / | 60 |
| Altar of Elders | 1 | 180 | / | 50 |
| Moon Well | 8 | 1440 | / | 320 |
| Hunter's Hall | 1 | 210 | / | 100 |
| Ancient of Wonders | 1 | 90 | / | 30 |
| Tree of Life | 1 | 340 | / | 185 |
| Ancient of Wind | 1 | 150 | / | 140 |
| Ancient of Lore | 1 | 155 | / | 145 |
| Chimaera Roost | 1 | 140 | / | 190 |
| Tree of Ages | 1 | 320 | / | 180 |
| Tree of Eternity | 1 | 330 | / | 200 |
| total: | 22 | 3665g | / | 1700w |
| 0:05 | Wisp |
| 0:05 | Wisp |
| 0:05 | Wisp |
| 0:06 | Wisp |
| 0:26 | Ancient of War |
| 0:55 | Wisp |
| 1:07 | Altar of Elders |
| 1:32 | Wisp |
| 1:51 | Moon Well |
| 2:59 | Wisp |
| 3:00 | Wisp |
| 3:00 | Wisp |
| 3:00 | Wisp |
| 4:05 | Archer |
| 4:05 | Archer |
| 4:05 | Archer |
| 4:05 | Archer |
| 4:06 | Archer |
| 4:06 | Archer |
| 4:06 | Archer |
| 4:06 | Archer |
| 4:23 | Wisp |
| 4:23 | Wisp |
| 4:49 | Searing Arrows |
| 5:00 | Moon Well |
| 5:10 | Hunter's Hall |
| 5:18 | Archer |
| 5:21 | Wisp |
| 5:22 | Wisp |
| 5:28 | Wisp |
| 5:50 | Moon Well |
| 6:01 | Moon Well |
| 6:15 | Moon Well |
| 6:30 | Ancient of Wonders |
| 6:50 | Tree of Ages |
| 6:55 | Moon Well |
| 7:37 | Ancient Protector |
| 7:58 | Lesser Clarity Potion |
| 8:00 | Moonstone |
| 8:28 | Ultravision |
| 8:40 | Ancient Protector |
| 10:00 | Ancient of Wind |
| 10:09 | Wisp |
| 10:10 | Wisp |
| 10:16 | Strength of the Moon |
| 10:17 | Moon Armor |
| 10:33 | Wisp |
| 10:34 | Wisp |
| 10:34 | Wisp |
| 10:35 | Wisp |
| 10:50 | Ancient Protector |
| 11:03 | Moon Well |
| 11:52 | Hippogryph |
| 11:54 | Hippogryph |
| 11:58 | Moon Well |
| 12:47 | Trueshot Aura |
| 13:19 | Ancient Protector |
| 13:26 | Ancient Protector |
| 13:30 | Archer |
| 13:33 | Archer |
| 13:33 | Archer |
| 13:33 | Archer |
| 13:34 | Improved Bows |
| 13:38 | Sentinel |
| 13:41 | Vorpal Blades |
| 14:01 | Wisp |
| 14:06 | Wisp |
| 15:18 | Tree of Life |
| 15:31 | Entangling Roots |
| 16:16 | Hippogryph |
| 16:16 | Hippogryph |
| 16:44 | Tree of Eternity |
| 17:01 | Ancient Protector |
| 17:12 | Improved Strength of the Moon |
| 17:12 | Improved Moon Armor |
| 21:05 | Advanced Strength of the Moon |
| 21:06 | Advanced Moon Armor |
| 21:19 | Chimaera Roost |
| 21:37 | Glaive Thrower |
| 21:38 | Glaive Thrower |
| 21:38 | Glaive Thrower |
| 21:39 | Glaive Thrower |
| 21:39 | Glaive Thrower |
| 23:49 | Chimaera |
| 23:50 | Chimaera |
| 23:50 | Chimaera |
| 24:07 | Well Spring |
| 24:50 | Strength of the Wild |
| 24:51 | Reinforced Hides |
| 25:00 | Marksmanship |
| 25:01 | Moon Glaive |
| 25:09 | Backpack |
| 25:19 | Wisp |
| 26:08 | Improved Strength of the Wild |
| 26:29 | Wisp |
| 26:44 | Druid of the Talon Adept Training |
| 27:44 | Fan of Knives |
| 29:20 | Advanced Strength of the Wild |
| 29:21 | Improved Reinforced Hides |
| 29:24 | Druid of the Talon Master Training |
| 30:07 | Ancient of Lore |
| 30:32 | Hippogryph |
| 30:37 | Hippogryph |
| 30:37 | Hippogryph |
| 31:00 | Force of Nature |
| 32:00 | Hardened Skin |
| 32:01 | Resistant Skin |
| 32:02 | Mountain Giant |
| 32:04 | Mountain Giant |
| 35:21 | Corrosive Breath |
| 35:24 | Mark of the Talon |
| 35:27 | Advanced Reinforced Hides |
| 37:14 | Nature's Blessing |
| 38:43 | Grunt |
| 38:43 | Grunt |
| 38:43 | Grunt |
| 38:43 | Grunt |
| 38:43 | Grunt |
| 38:44 | Grunt |
| 38:44 | Grunt |
| 38:44 | Grunt |
| 39:49 | Raider |
| 39:50 | Wind Rider |
| 39:50 | Wind Rider |
| 39:58 | Troll Berserker |
| 39:58 | Troll Berserker |
| 39:59 | Troll Berserker |
| Chat | 1582 |
| Right click | 748 |
| Select | 540 |
| Select group | 260 |
| Build/train/purchase | 117 |
| Assign group | 18 |
| Use ability | 18 |
| Remove unit | 4 |
| Esc | 1 |
77 units @ 13.3k
/ 2k
222 buildings @ 17.7k
/ 9k



x1)
| Staff of Sanctuary | 3 | 750 |
| Mechanical Critter | 5 | 250 |
| Boots of Speed | 3 | 750 |
| Staff of Teleportation | 3 | 450 |
| Periapt of Vitality | 1 | 325 |
| Tome of Retraining | 1 | 300 |
| Orb of Lightning | 2 | 750 |
| total: | 18 | 3575g |
| Peasant | 17 | 1275 | / | 0 |
| Mortar Team | 1 | 180 | / | 70 |
| Priest | 1 | 135 | / | 10 |
| Dragonhawk Rider | 7 | 1400 | / | 210 |
| Sorceress | 1 | 155 | / | 20 |
| Goblin Zeppelin | 8 | 1920 | / | 480 |
| total: | 35 | 5065g | / | 790w |
| Scout Tower | 126 | 3780 | / | 2520 |
| Arcane Tower | 8 | 560 | / | 400 |
| Guard Tower | 57 | 3990 | / | 2850 |
| Altar of Kings | 2 | 360 | / | 100 |
| Farm | 11 | 880 | / | 220 |
| Lumber Mill | 2 | 240 | / | 0 |
| Arcane Vault | 4 | 520 | / | 120 |
| Town Hall | 3 | 1155 | / | 615 |
| Blacksmith | 1 | 140 | / | 60 |
| Workshop | 1 | 140 | / | 140 |
| Arcane Sanctum | 1 | 150 | / | 140 |
| Gryphon Aviary | 1 | 140 | / | 150 |
| Keep | 1 | 320 | / | 210 |
| Castle | 1 | 360 | / | 210 |
| total: | 152 | 7505g | / | 4065w |
| 0:05 | Peasant |
| 0:05 | Peasant |
| 0:09 | Altar of Kings |
| 0:15 | Peasant |
| 0:21 | Farm |
| 0:43 | Peasant |
| 0:46 | Farm |
| 0:49 | Peasant |
| 1:02 | Peasant |
| 1:04 | Scout Tower |
| 1:07 | Lumber Mill |
| 1:21 | Peasant |
| 1:27 | Scout Tower |
| 1:28 | Peasant |
| 1:37 | Arcane Tower |
| 1:57 | Scout Tower |
| 1:59 | Scout Tower |
| 2:07 | Peasant |
| 2:10 | Guard Tower |
| 2:12 | Scout Tower |
| 2:13 | Peasant |
| 2:26 | Peasant |
| 2:31 | Guard Tower |
| 2:32 | Peasant |
| 2:33 | Improved Masonry |
| 2:47 | Peasant |
| 2:57 | Guard Tower |
| 2:59 | Scout Tower |
| 3:00 | Peasant |
| 3:01 | Scout Tower |
| 3:17 | Scout Tower |
| 3:26 | Guard Tower |
| 3:34 | Summon Water Elemental |
| 3:55 | Keep |
| 4:35 | Guard Tower |
| 4:37 | Farm |
| 4:38 | Farm |
| 4:39 | Brilliance Aura |
| 4:58 | Arcane Vault |
| 5:12 | Arcane Vault |
| 6:34 | Advanced Masonry |
| 6:34 | Improved Lumber Harvesting |
| 7:00 | Castle |
| 7:05 | Boots of Speed |
| 7:05 | Staff of Teleportation |
| 7:19 | Town Hall |
| 7:25 | Scout Tower |
| 7:26 | Scout Tower |
| 7:26 | Scout Tower |
| 7:27 | Scout Tower |
| 7:27 | Scout Tower |
| 7:28 | Scout Tower |
| 7:28 | Scout Tower |
| 7:29 | Scout Tower |
| 7:29 | Scout Tower |
| 7:29 | Scout Tower |
| 7:31 | Storm Bolt |
| 7:40 | Summon Water Elemental |
| 8:37 | Guard Tower |
| 8:54 | Guard Tower |
| 9:07 | Scout Tower |
| 9:08 | Scout Tower |
| 9:08 | Scout Tower |
| 9:09 | Scout Tower |
| 9:10 | Scout Tower |
| 9:11 | Scout Tower |
| 9:11 | Scout Tower |
| 9:12 | Scout Tower |
| 9:12 | Scout Tower |
| 9:13 | Scout Tower |
| 9:16 | Peasant |
| 9:16 | Peasant |
| 9:16 | Peasant |
| 9:48 | Guard Tower |
| 11:17 | Boots of Speed |
| 11:17 | Staff of Teleportation |
| 11:18 | Periapt of Vitality |
| 11:28 | Holy Light |
| 11:32 | Guard Tower |
| 11:33 | Blacksmith |
| 11:34 | Imbued Masonry |
| 11:35 | Advanced Lumber Harvesting |
| 11:45 | Staff of Sanctuary |
| 12:17 | Guard Tower |
| 12:19 | Scout Tower |
| 12:19 | Scout Tower |
| 12:20 | Scout Tower |
| 12:21 | Scout Tower |
| 12:27 | Bash |
| 12:28 | Goblin Zeppelin |
| 12:41 | Arcane Vault |
| 12:43 | Arcane Vault |
| 12:45 | Scout Tower |
| 12:45 | Scout Tower |
| 12:46 | Scout Tower |
| 12:49 | Workshop |
| 12:52 | Guard Tower |
| 13:07 | Guard Tower |
| 13:15 | Guard Tower |
| 13:37 | Arcane Tower |
| 13:42 | Arcane Sanctum |
| 13:52 | Staff of Sanctuary |
| 14:04 | Boots of Speed |
| 14:04 | Staff of Teleportation |
| 14:46 | Divine Shield |
| 15:08 | Tome of Retraining |
| 15:08 | Retrain Hero |
| 15:10 | Blizzard |
| 15:10 | Brilliance Aura |
| 15:10 | Blizzard |
| 15:21 | Mortar Team |
| 15:23 | Fragmentation Shards |
| 15:23 | Flare |
| 15:30 | Magic Sentry |
| 15:31 | Priest |
| 15:31 | Priest Adept Training |
| 15:33 | Guard Tower |
| 15:34 | Scout Tower |
| 15:35 | Scout Tower |
| 15:35 | Scout Tower |
| 15:35 | Scout Tower |
| 16:13 | Orb of Lightning |
| 16:38 | Gryphon Aviary |
| 16:44 | Farm |
| 17:31 | Staff of Sanctuary |
| 18:24 | Storm Bolt |
| 19:34 | Scout Tower |
| 19:35 | Scout Tower |
| 19:36 | Scout Tower |
| 20:13 | Guard Tower |
| 20:19 | Scout Tower |
| 20:25 | Guard Tower |
| 21:01 | Guard Tower |
| 21:05 | Guard Tower |
| 21:15 | Scout Tower |
| 21:18 | Scout Tower |
| 21:23 | Scout Tower |
| 21:33 | Scout Tower |
| 21:56 | Scout Tower |
| 21:58 | Scout Tower |
| 22:14 | Dragonhawk Rider |
| 22:14 | Cloud |
| 22:15 | Dragonhawk Rider |
| 22:31 | Altar of Kings |
| 22:35 | Farm |
| 22:37 | Guard Tower |
| 22:54 | Scout Tower |
| 23:06 | Scout Tower |
| 23:08 | Scout Tower |
| 23:13 | Goblin Zeppelin |
| 23:50 | Guard Tower |
| 23:51 | Scout Tower |
| 23:58 | Farm |
| 23:59 | Farm |
| 24:03 | Scout Tower |
| 24:25 | Guard Tower |
| 24:41 | Guard Tower |
| 24:44 | Scout Tower |
| 24:45 | Scout Tower |
| 24:46 | Scout Tower |
| 24:47 | Scout Tower |
| 25:09 | Sorceress Adept Training |
| 25:10 | Priest Master Training |
| 25:17 | Iron Forged Swords |
| 25:17 | Studded Leather Armor |
| 25:20 | Guard Tower |
| 25:25 | Scout Tower |
| 25:26 | Scout Tower |
| 25:27 | Scout Tower |
| 25:28 | Scout Tower |
| 25:34 | Guard Tower |
| 25:59 | Guard Tower |
| 26:13 | Goblin Zeppelin |
| 26:22 | Arcane Tower |
| 26:25 | Steel Forged Swords |
| 26:31 | Dragonhawk Rider |
| 26:35 | Orb of Lightning |
| 26:51 | Guard Tower |
| 27:09 | Farm |
| 27:10 | Farm |
| 27:11 | Farm |
| 27:27 | Goblin Zeppelin |
| 27:36 | Scout Tower |
| 27:44 | Scout Tower |
| 27:47 | Guard Tower |
| 28:36 | Sorceress |
| 28:37 | Sorceress Master Training |
| 28:40 | Goblin Zeppelin |
| 29:05 | Guard Tower |
| 29:44 | Scout Tower |
| 29:46 | Scout Tower |
| 29:55 | Scout Tower |
| 29:57 | Scout Tower |
| 30:07 | Scout Tower |
| 30:28 | Guard Tower |
| 30:30 | Scout Tower |
| 30:31 | Scout Tower |
| 30:35 | Guard Tower |
| 30:36 | Scout Tower |
| 30:38 | Guard Tower |
| 30:51 | Dragonhawk Rider |
| 30:53 | Dragonhawk Rider |
| 31:07 | Guard Tower |
| 31:10 | Scout Tower |
| 31:11 | Scout Tower |
| 31:12 | Scout Tower |
| 31:16 | Scout Tower |
| 31:18 | Scout Tower |
| 31:19 | Scout Tower |
| 31:33 | Scout Tower |
| 31:34 | Scout Tower |
| 31:38 | Scout Tower |
| 31:39 | Scout Tower |
| 31:40 | Guard Tower |
| 31:46 | Mithril Forged Swords |
| 31:46 | Reinforced Leather Armor |
| 32:08 | Guard Tower |
| 32:10 | Scout Tower |
| 32:11 | Scout Tower |
| 32:11 | Scout Tower |
| 32:13 | Guard Tower |
| 32:16 | Scout Tower |
| 32:21 | Scout Tower |
| 32:21 | Scout Tower |
| 32:22 | Scout Tower |
| 32:25 | Goblin Zeppelin |
| 32:50 | Mechanical Critter |
| 32:54 | Mechanical Critter |
| 33:03 | Guard Tower |
| 33:08 | Guard Tower |
| 33:10 | Scout Tower |
| 33:11 | Scout Tower |
| 33:18 | Goblin Zeppelin |
| 33:57 | Mechanical Critter |
| 33:58 | Mechanical Critter |
| 34:11 | Guard Tower |
| 34:14 | Scout Tower |
| 34:36 | Guard Tower |
| 34:39 | Scout Tower |
| 34:40 | Scout Tower |
| 34:42 | Scout Tower |
| 34:43 | Scout Tower |
| 35:48 | Mechanical Critter |
| 36:10 | Arcane Tower |
| 36:11 | Guard Tower |
| 36:11 | Guard Tower |
| 36:22 | Guard Tower |
| 36:26 | Scout Tower |
| 36:26 | Scout Tower |
| 36:28 | Scout Tower |
| 36:28 | Scout Tower |
| 37:05 | Arcane Tower |
| 37:20 | Arcane Tower |
| 37:21 | Guard Tower |
| 37:56 | Scout Tower |
| 37:59 | Scout Tower |
| 38:01 | Scout Tower |
| 38:03 | Scout Tower |
| 38:03 | Scout Tower |
| 38:07 | Goblin Zeppelin |
| 38:35 | Guard Tower |
| 38:37 | Scout Tower |
| 39:01 | Scout Tower |
| 39:03 | Scout Tower |
| 39:04 | Guard Tower |
| 39:05 | Guard Tower |
| 39:07 | Scout Tower |
| 39:08 | Scout Tower |
| 39:20 | Dragonhawk Rider |
| 39:42 | Dragonhawk Rider |
| 40:31 | Guard Tower |
| 40:33 | Scout Tower |
| 40:39 | Scout Tower |
| 40:40 | Scout Tower |
| 41:01 | Arcane Tower |
| 41:03 | Scout Tower |
| 43:23 | Town Hall |
| 44:29 | Lumber Mill |
| 45:32 | Guard Tower |
| 45:37 | Scout Tower |
| 46:56 | Town Hall |
| 47:15 | Guard Tower |
| 53:34 | Scout Tower |
| 53:38 | Scout Tower |
| 53:40 | Scout Tower |
| 53:40 | Scout Tower |
| 53:41 | Scout Tower |
| 54:01 | Scout Tower |
| 54:30 | Arcane Tower |
| 54:32 | Scout Tower |
| 55:00 | Guard Tower |
| 55:02 | Scout Tower |
| 55:45 | Brilliance Aura |
| 56:42 | Guard Tower |
| 56:43 | Scout Tower |
| 56:45 | Scout Tower |
| 56:45 | Scout Tower |
| 59:02 | Guard Tower |
| 63:40 | Holy Light |
| Right click | 2317 |
| Select | 1327 |
| Chat | 826 |
| Build/train/purchase | 529 |
| Select group | 424 |
| Misc. action | 264 |
| Use ability | 110 |
| Assign group | 36 |
| Minimap ping | 24 |
| Item give/drop | 6 |
| Remove unit | 1 |
IcebergSlim
(64:18) : 

| Healing Salve | 3 | 300 |
| Orb of Lightning | 1 | 375 |
| Tiny Great Hall | 1 | 600 |
| Boots of Speed | 2 | 500 |
| Staff of Teleportation | 2 | 300 |
| Staff of Sanctuary | 1 | 250 |
| total: | 10 | 2325g |
| Peon | 16 | 1200 | / | 0 |
| Wind Rider | 21 | 5565 | / | 840 |
| Kodo Beast | 1 | 255 | / | 60 |
| Goblin Shredder | 2 | 750 | / | 200 |
| Goblin Zeppelin | 2 | 480 | / | 120 |
| total: | 42 | 8250g | / | 1220w |
| Watch Tower | 41 | 4510 | / | 3280 |
| Altar of Storms | 2 | 360 | / | 100 |
| Orc Burrow | 14 | 2240 | / | 560 |
| War Mill | 4 | 820 | / | 0 |
| Voodoo Lounge | 3 | 390 | / | 90 |
| Great Hall | 4 | 1540 | / | 740 |
| Barracks | 1 | 180 | / | 50 |
| Beastiary | 1 | 145 | / | 140 |
| Stronghold | 4 | 1260 | / | 760 |
| Fortress | 2 | 650 | / | 380 |
| total: | 70 | 10185g | / | 4960w |
| 0:03 | Peon |
| 0:03 | Peon |
| 0:07 | Altar of Storms |
| 0:08 | Peon |
| 0:19 | Orc Burrow |
| 0:40 | Peon |
| 0:51 | War Mill |
| 0:55 | Peon |
| 1:07 | Voodoo Lounge |
| 1:15 | Peon |
| 1:20 | Peon |
| 1:34 | Peon |
| 1:48 | Orc Burrow |
| 1:54 | Peon |
| 2:06 | Watch Tower |
| 2:11 | Wind Walk |
| 2:16 | Healing Salve |
| 2:26 | Watch Tower |
| 2:32 | Peon |
| 3:13 | Watch Tower |
| 3:28 | Peon |
| 3:30 | Watch Tower |
| 4:13 | Stronghold |
| 4:19 | Boots of Speed |
| 4:20 | Staff of Teleportation |
| 4:27 | Watch Tower |
| 4:45 | Watch Tower |
| 5:13 | Watch Tower |
| 5:35 | Critical Strike |
| 5:39 | Watch Tower |
| 6:12 | Watch Tower |
| 6:14 | Healing Salve |
| 6:21 | Watch Tower |
| 6:42 | Watch Tower |
| 6:57 | Voodoo Lounge |
| 7:01 | Peon |
| 7:07 | Orc Burrow |
| 7:30 | Fortress |
| 7:36 | Hex |
| 7:42 | Spiked Barricades |
| 7:42 | Reinforced Defenses |
| 7:47 | Watch Tower |
| 8:10 | Great Hall |
| 8:41 | Watch Tower |
| 8:53 | Watch Tower |
| 9:48 | Improved Spiked Barricades |
| 9:53 | Watch Tower |
| 10:06 | Watch Tower |
| 10:35 | Watch Tower |
| 10:39 | Wind Walk |
| 10:45 | Healing Wave |
| 11:19 | Boots of Speed |
| 11:29 | Watch Tower |
| 11:31 | Watch Tower |
| 11:32 | Peon |
| 11:33 | Peon |
| 11:33 | Peon |
| 11:33 | Peon |
| 11:47 | Goblin Shredder |
| 11:57 | Goblin Zeppelin |
| 12:33 | Orb of Lightning |
| 12:37 | Watch Tower |
| 12:39 | Watch Tower |
| 13:35 | Watch Tower |
| 13:38 | Watch Tower |
| 13:40 | Watch Tower |
| 13:44 | Watch Tower |
| 13:45 | Watch Tower |
| 13:50 | Watch Tower |
| 14:45 | Watch Tower |
| 14:47 | Watch Tower |
| 15:13 | Staff of Teleportation |
| 15:55 | Great Hall |
| 16:01 | Healing Wave |
| 16:06 | Critical Strike |
| 16:22 | Watch Tower |
| 16:48 | Watch Tower |
| 17:05 | Staff of Sanctuary |
| 17:28 | Watch Tower |
| 18:09 | Voodoo Lounge |
| 18:46 | Watch Tower |
| 19:40 | Barracks |
| 21:28 | Watch Tower |
| 22:51 | Watch Tower |
| 23:00 | Watch Tower |
| 24:00 | Watch Tower |
| 25:43 | Goblin Zeppelin |
| 25:43 | Goblin Shredder |
| 26:14 | Watch Tower |
| 27:25 | Watch Tower |
| 27:31 | Altar of Storms |
| 27:36 | Orc Burrow |
| 28:59 | Orc Burrow |
| 29:27 | War Mill |
| 30:28 | Great Hall |
| 31:58 | Watch Tower |
| 32:08 | Pillage |
| 33:43 | Healing Salve |
| 33:52 | Tiny Great Hall |
| 34:48 | Orc Burrow |
| 35:13 | Stronghold |
| 35:58 | Orc Burrow |
| 36:03 | Orc Burrow |
| 36:04 | Orc Burrow |
| 36:08 | Orc Burrow |
| 36:45 | Watch Tower |
| 37:37 | Beastiary |
| 40:28 | Hex |
| 40:57 | Wind Rider |
| 40:59 | Wind Rider |
| 41:00 | Wind Rider |
| 41:08 | Steel Ranged Weapons |
| 41:08 | Steel Armor |
| 41:15 | Great Hall |
| 41:42 | Wind Walk |
| 42:48 | Wind Rider |
| 42:53 | Wind Rider |
| 43:14 | Thorium Ranged Weapons |
| 43:14 | Thorium Armor |
| 43:54 | Stronghold |
| 45:26 | Kodo Beast |
| 46:18 | Stronghold |
| 47:57 | War Mill |
| 48:39 | War Mill |
| 48:41 | Fortress |
| 50:45 | Orc Burrow |
| 50:50 | Orc Burrow |
| 51:02 | Envenomed Spears |
| 51:03 | War Drums Damage Increase |
| 51:05 | Arcanite Ranged Weapons |
| 51:05 | Arcanite Armor |
| 51:18 | Wind Rider |
| 52:30 | Orc Burrow |
| 53:08 | Wind Rider |
| 53:09 | Wind Rider |
| 53:09 | Wind Rider |
| 53:10 | Wind Rider |
| 53:11 | Wind Rider |
| 53:55 | Wind Rider |
| 53:55 | Wind Rider |
| 53:55 | Wind Rider |
| 57:03 | Wind Rider |
| 57:03 | Wind Rider |
| 57:04 | Wind Rider |
| 58:35 | Wind Rider |
| 59:21 | Wind Rider |
| 60:52 | Orc Burrow |
| 61:49 | Wind Rider |
| 61:49 | Wind Rider |
| 64:05 | Healing Wave |
| Right click | 2197 |
| Select | 786 |
| Select group | 547 |
| Chat | 258 |
| Build/train/purchase | 110 |
| Misc. action | 97 |
| Resource trade | 89 |
| Use ability | 64 |
| Assign group | 17 |
| Esc | 11 |
| Item give/drop | 5 |
| Remove unit | 1 |
| Minimap ping | 1 |